 Dungeon Crawl Stone Soup version 0.30.1-9-gdf580d7c3d (webtiles) character file.

Game seed: 1937251111042213811

142 leafyfresh the Digger (level 5, 0/31 HPs)
             Began as an Octopode Earth Elementalist on Oct 12, 2023.
             Slain by an orc priest
             ... wielding a +0 war axe
              (9 damage)
             ... on level 3 of the Dungeon.
             The game lasted 00:02:51 (2405 turns).

leafyfresh the Digger (Octopode Earth Elementalist) Turns: 2405, Time: 00:02:52

Health: 0/31       AC:  1    Str:  7    XL:     5   Next: 25%
Magic:  6/10       EV: 13    Int: 19    God:
Gold:   89         SH:  0    Dex: 19    Spells: 5/11 levels left

rFire   . . .        (no weapon)
rCold   + . .        (no shield)
rNeg    . . .        (helmet restricted)
rPois   .            (no amulet)
rElec   .            i - +6 ring of dexterity
rCorr   .            n - ring of protection from cold
SInv    .            (no ring)
Will    .....        (no ring)
Stlth   ++++         (no ring)
HPRegen 0.25/turn    (no ring)
MPRegen 0.12/turn    (no ring)
                     (no ring)

%: no passive effects
@: no status effects
A: almost no armour, amphibious, 8 rings, camouflage 1, gelatinous body 1,
(nimble swimmer 1), tentacles
a: no special abilities


You were on level 3 of the Dungeon.
You visited 1 branch of the dungeon, and saw 3 of its levels.

You collected 89 gold pieces.

Inventory:

Jewellery
 h - a ring of ice
 i - a +6 ring of dexterity (left tentacle)
 n - a ring of protection from cold (right tentacle)
Scrolls
 b - a scroll of vulnerability {unknown}
 c - a scroll of teleportation {unknown}
 f - a scroll of immolation {unknown}
 j - a scroll of noise {unknown}
 l - a scroll of magic mapping {unknown}
 m - 5 scrolls of identify {unknown}
 q - a scroll of butterflies {unknown}
Potions
 a - a potion of magic
 d - a potion of ambrosia {unknown}
 e - a potion of brilliance {unknown}
 g - 2 potions of curing {unknown}
 k - 2 potions of attraction {unknown}
 o - 3 potions of might {unknown}
 p - a potion of mutation {unknown}
 r - a potion of heal wounds {unknown}


   Skills:
 - Level 2.1 Dodging
 - Level 2.9 Stealth
 + Level 3.5 Spellcasting
 - Level 1.2 Transmutations
 + Level 4.4 Earth Magic


You had 5 spell levels left.
You knew the following spells:

 Your Spells              Type           Power      Damage    Failure   Level
a - Sandblast             Erth           40%        2d10      2%          1
b - Passwall              Tmut/Erth      11%        N/A       7%          2
c - Stone Arrow           Conj/Erth      22%        3d8       17%         3

Your spell library contained the following spells:

 Spells                   Type           Power      Damage    Failure   Level
 Kiss of Death            Conj/Necr      12%        2d6       14%         1
 Ensorcelled Hibernation  Hex/Ice        6%         N/A       22%         2
 Confusing Touch          Hex            3%         N/A       41%         3
 Swiftness                Air            3%         N/A       41%         3
 Petrify                  Tmut/Erth      14%        N/A       41%         4
 Dispel Undead            Necr           3%         3d7       82%         4


Dungeon Overview and Level Annotations

Branches:
Dungeon (3/15)

Altars:
Gozag


Innate Abilities, Weirdness & Mutations

You cannot wear most types of armour.
You are amphibious.
You can wear up to eight rings at the same time.
Your skin changes colour to match your surroundings (Stealth+).
Your rubbery body absorbs attacks. (AC +1, EV +1)
((You are camouflaged when in or above water. (Stealth+)))
You have tentacles for arms and can constrict up to eight enemies at once.


Message History

The orc is severely wounded.
You constrict the orc. The orc hits you with a +0 mace.
The orc priest looks encouraged for a moment.
The orc barely misses you.
Unknown command.
Casting: Sandblast (safe; 2% risk of failure)
Confirm with . or Enter, or press ? or * to list all spells.
Aiming: Sandblast (safe; 2% risk of failure)
Press: ? - help, Shift-Dir - straight line, f - orc
Aim: an orc, wielding a +0 hand axe (83% to hit)
The blast of sand hits the orc!
You kill the orc!
You constrict the orc.
You kill the orc!
Casting: Sandblast (safe; 2% risk of failure)
Confirm with . or Enter, or press ? or * to list all spells.
Aiming: Sandblast (safe; 2% risk of failure)
Press: ? - help, Shift-Dir - straight line, f - orc priest
Aim: an orc priest, wielding a +0 war axe and wearing a +0 chain mail (87% to hit)
The blast of sand hits the orc priest.
The orc priest is moderately wounded.
The orc priest hits you with a +0 war axe! x2
* * * LOW HITPOINT WARNING * * *
Casting: Sandblast (safe; 2% risk of failure)
Confirm with . or Enter, or press ? or * to list all spells.
Aiming: Sandblast (safe; 2% risk of failure)
Press: ? - help, Shift-Dir - straight line, f/p - orc priest
Aim: an orc priest, wielding a +0 war axe and wearing a +0 chain mail (moderately wounded, 87% to hit)
The blast of sand hits the orc priest but does no damage.
The orc priest is moderately wounded.
The orc priest misses you.
Casting: Sandblast (safe; 2% risk of failure)
Confirm with . or Enter, or press ? or * to list all spells.
Aiming: Sandblast (safe; 2% risk of failure)
Press: ? - help, Shift-Dir - straight line, f/p - orc priest
Aim: an orc priest, wielding a +0 war axe and wearing a +0 chain mail (moderately wounded, 87% to hit)
The blast of sand hits the orc priest but does no damage.
The orc priest is moderately wounded.
The orc priest hits you with a +0 war axe!
You die...

####
#...######.#.#
...#
#.$..........#
.#.#
###..........#.#
.# ..
#...$..#######.#
.#
....#.#...#####
# .#
#......†......#
#
#####.#.#####.#
#.#.# #@#..
♣..o)###.
#..#..## .# #
..#. . #.### #.#
#. #


You could see an orc priest.

Vanquished Creatures
  Robin (D:2)
  4 adders
  2 worms
  4 dart slugs
  2 orcs (D:3)
  6 ball pythons
  4 bats
  2 endoplasms (D:2)
  6 giant cockroaches
  10 goblins
  10 hobgoblins
  5 jackals
  3 kobolds
  5 quokkas
  2 frilled lizards (D:2)
  8 rats
74 creatures vanquished.

Notes
Turn   | Place    | Note
-------+----------+-------------------------------------------
     0 | D:1      | leafyfresh the Octopode Earth Elementalist began the quest
                  | for the Orb.
     0 | D:1      | Reached XP level 1. HP: 11/11 MP: 3/3
    71 | D:1      | Reached XP level 2. HP: 17/17 MP: 5/5
   381 | D:1      | Reached XP level 3. HP: 18/21 MP: 6/6
  1243 | D:2      | Reached XP level 4. HP: 23/27 MP: 4/8
  1246 | D:2      | Learned a level 2 spell: Passwall
  1250 | D:2      | Learned a level 3 spell: Stone Arrow
  1291 | D:2      | Noticed Robin
  1300 | D:2      | Killed Robin
  1301 | D:2      | Reached skill level 4 in Earth Magic
  1693 | D:2      | Found an opulent altar of Gozag.
  2219 | D:3      | Found Unkoanu's Jewellery Shoppe.
  2265 | D:3      | Reached XP level 5. HP: 30/31 MP: 10/10
  2330 | D:3      | Found a faded altar of an unknown god.
  2405 | D:3      | Slain by an orc priest

Illustrated notes

Levels and vault maps discovered:
D:1:      psy_arrival_whirlpool, layout_basic, kennysheep_small_spiral
D:2:      layout_loops_ring, basic_altar, roderic_serpentine_path,
          grunt_ministairs_12, uniq_robin
D:3:      lemuel_castle_with_subvaults [lemuel_castle_interior_original],
          layout_loops_ring, grunt_gozag_breadcrumbs, serial_shops,
          nicolae_shop_trees, nicolae_shop_back_alley_shop,
          nicolae_shop_pleasant_corner_grove, basic_ecumenical_altar,
          hellmonk_no_cap

Skill      XL: |  1  2  3  4 |
---------------+-------------+-----
Spellcasting   | 3 |  3.5
Earth Magic    | 4 |  4.4
Dodging        | |  2.1
Stealth        | |  2.9
Transmutations | |  1.2

Action                     |  1- 3 |  4- 6 || total
---------------------------+-------+-------++-------
  Melee: Unarmed           |    80 |    88 ||   168
         Constrict         |    34 |    26 ||    60
         Tentacles         |    26 |    28 ||    54
         Punch             |       |     2 ||     2
   Cast: Sandblast         |    11 |    12 ||    23
   Stab: Sleeping          |    19 |     9 ||    28
 Armour: Skin              |     6 |     6 ||    12
  Dodge: Dodged            |    55 |    51 ||   106
